 Dungeon Crawl Stone Soup version 0.19.1-1-g22dce08 (webtiles) character file.

116 dngmouse the Sneak (level 4, 0/30 HPs)
             Began as a Vampire Enchanter on Jan 4, 2017.
             Succumbed to an adder's poison
             ... on level 3 of the Dungeon.
             The game lasted 00:08:34 (3336 turns).

dngmouse the Sneak (Vampire Enchanter)              Turns: 3336, Time: 00:08:35

Health: 0/30       AC:  4    Str:  7    XL:     4   Next: 70%
Magic:  7/7        EV: 13    Int: 21    God:
Gold:   158        SH:  0    Dex: 14    Spells: 3 memorised, 1 level left

rFire  . . .     SeeInvis +     a - +1 dagger
rCold  . . .     Gourm    .     b - +1 robe
rNeg   + . .     Faith    .     (no shield)
rPois  .         Spirit   .     i - +0 helmet {Int+3}
rElec  .         Reflect  .     (no cloak)
rCorr  .         Harm     .     (no gloves)
MR     .....                    (no boots)
Stlth  +++.......               p - amulet of rage
                                (no ring)
                                (no ring)

@: lethally poisoned (0 -> -6), very slightly contaminated, invisible
A: fangs 3, see invisible, unbreathing
a: Bat Form, Evoke Berserk Rage


You were on level 3 of the Dungeon.
You were not thirsty.

You visited 1 branch of the dungeon, and saw 3 of its levels.

You collected 158 gold pieces.

Inventory:

Hand Weapons
 a - a +1 dagger (weapon)
Missiles
 f - 4 needles of confusion
 g - 78 stones (quivered)
Armour
 b - a +1 robe (worn)
 i - a +0 helmet of intelligence (worn)
 j - a +1 hat
Jewellery
 p - an amulet of rage (around neck)
Scrolls
 e - 4 scrolls of identify {unknown}
 k - a scroll of magic mapping {unknown}
 m - 2 scrolls of remove curse {unknown}
 o - a scroll of blinking {unknown}
 r - a scroll of teleportation {unknown}
 t - 2 scrolls of enchant armour {unknown}
 u - a scroll of amnesia {unknown}
 v - a scroll of noise {unknown}
Potions
 d - 2 potions of blood
 n - a potion of haste {unknown}
 q - a potion of might {unknown}
 s - a potion of lignification {unknown}
Books
 c - a book of Maledictions

   Spells                             Type                      Level
   a - Corona                         Hexes                        1
   b - Ensorcelled Hibernation        Hexes/Ice                    2
   c - Confuse                        Hexes                        3
   d - Tukima's Dance                 Hexes                        3
   e - Dazzling Spray                 Conjuration/Hexes            3


   Skills:
 + Level 1.7 Short Blades
 + Level 3.0 Dodging
 * Level 6.5 Stealth
 + Level 2.1 Spellcasting
 + Level 5.5 Hexes


You had one spell level left.
You knew the following spells:

 Your Spells              Type           Power        Failure   Level  Hunger
a - Ensorcelled Hibernat  Hex/Ice        ##....       10%         2    ##.....
b - Confuse               Hex            ####....     4%          3    ###....
c - Corona                Hex            ####...      1%          1    #......


Dungeon Overview and Level Annotations

Branches:
Dungeon (3/15)

Altars:
Elyvilon
Hepliaklqana


Innate Abilities, Weirdness & Mutations

You have razor-sharp teeth.
You have supernaturally acute eyesight. (SInv)
You can survive without breathing.


Message History

You feel sick.
* * * LOW HITPOINT WARNING * * *
You feel sick.
* * * LOW HITPOINT WARNING * * *
You feel sick.
* * * LOW HITPOINT WARNING * * *
You feel sick.
* * * LOW HITPOINT WARNING * * *
You feel sick.
Yummy - fresh blood!
Yummy - fresh blood!
* * * LOW HITPOINT WARNING * * *
You feel sick.
* * * LOW HITPOINT WARNING * * *
You feel sick.
It was a potion of invisibility.
You fade into invisibility!
You are very lightly contaminated with residual magic.
It was a potion of magic.
Magic courses through your body.
You die...

##################
#........#>...<..#
#.######......##.#
#.@......#.# #
#.###>#....## # #.#
#.........
#.##.###.#...###.#
#.†......#..## #
#.....(†..?.##....
#.####.####.###.###
... #.# # #.... #.#


There were no monsters in sight!

Vanquished Creatures
  5 adders
  2 oozes
  A worm (D:2)
  2 dart slugs
  A leopard gecko (D:2)
  An orc (D:3)
  9 bats
  3 giant cockroaches (D:1)
  4 goblins
  6 hobgoblins
  2 jackals (D:1)
  9 kobolds
  A quokka (D:2)
  2 frilled lizards (D:2)
  8 rats
56 creatures vanquished.

Notes
Turn   | Place    | Note
-------+----------+-------------------------------------------
     0 | D:1      | dngmouse the Vampire Enchanter began the quest for the Orb.
     0 | D:1      | Reached XP level 1. HP: 13/13 MP: 3/3
   194 | D:1      | Reached skill level 5 in Hexes
   194 | D:1      | Reached XP level 2. HP: 9/19 MP: 3/5
   198 | D:1      | Learned a level 2 spell: Ensorcelled Hibernation
   658 | D:1      | Reached skill level 5 in Stealth
   962 | D:1      | Reached XP level 3. HP: 16/24 MP: 6/6
  1625 | D:1      | Learned a level 3 spell: Confuse
  2563 | D:2      | Reached XP level 4. HP: 21/30 MP: 4/7
  2865 | D:2      | Reached skill level 6 in Stealth
  2988 | D:2      | Found a white marble altar of Elyvilon.
  3301 | D:3      | Found a hazy altar of Hepliaklqana.
  3334 | D:3      | HP: 1/30 [poisoned by an adder]
  3336 | D:3      | Succumbed to an adder's poison

Skill      XL: |  1  2  3  4 |
---------------+-------------+-----
Hexes          | 5 |  5.5
Stealth        | 5 6 |  6.5
Dodging        | 3 |  3.0
Short Blades   | |  1.7
Spellcasting   | |  2.1

Action                   |  1- 3 |  4- 6 || total
-------------------------+-------+-------++-------
Melee: Dagger            |   190 |    53 ||   243
       Bite              |    12 |     4 ||    16
 Cast: Corona            |     1 |       ||     1
       Ensorcelled Hiber |     7 |     5 ||    12
  Use: Potion            |     3 |     6 ||     9
 Stab: Sleeping          |    11 |     9 ||    20
Armor: Robe              |    53 |    12 ||    65
Dodge: Dodged            |   134 |    47 ||   181
